AoeStats
← OldStyle

Glade

510430919Analyzed
1v1 RM · 16h ago on Oct 1, 2026· 38m 36s· 2 players
Game mode
Random Map
Map size
Tiny (2 player)
Population
200
Speed
Normal
Resources
Standard
Victory
Conquest
Starting age
Dark Age
Ending age
Imperial Age
RankedLock teamsTeams togetherTeam positionsShared explorationLock speedFull tech treeHidden civsTurbo modeCheats
Victory
Defeat
🇺🇸 Portuguese · United States
1479
+14
🇧🇷 Mongols · Brazil
1435
-14
OldStyle
2:33 Loom
9:32 Feudal Age
9:45 Man-at-Arms
13:17 Double-Bit Axe
14:25 Wheelbarrow
14:13 Town Watch
19:36 Castle Age
18:07 Stone Mining
20:38 Bow Saw
20:21 Gold Mining
29:27 Town Watch
29:25 Horse Collar
30:03 Fletching
34:52 Imperial Age
35:58 Scale Barding Armor
37:30 Bloodlines
36:41 Light Cavalry
gelgirda
9:42 Feudal Age
10:23 Loom
14:15 Castle Age
13:14 Double-Bit Axe
14:07 Gold Mining
22:16 Sanctity
30:33 Imperial Age
30:57 Bow Saw
33:00 Chemistry
32:21 Fletching
34:46 Bodkin Arrow
36:46 Block Printing
37:48 Arquebus
Connection lost

Rejoining the realm…

Still unreachable

The connection could not be restored.

Session expired

The server has moved on; the page needs a fresh start.